[Event "Early-Titled-Tuesday-Blitz-March-05-2024"]
[Site "Chess.com"]
[Date "2024.03.05"]
[Round "1"]
[White "Sofiia_Hryzlova"]
[Black "xxysoul6"]
[Result "0-1"]
[WhiteElo "2485"]
[BlackElo "2910"]
[TimeControl "180+1"]
[EndTime "8:07:13 PST"]
[Termination "xxysoul6 won by resignation"]

1. Nf3 Nf6 2. g3 g6 3. Bg2 Bg7 4. O-O O-O 5. c4 c6 6. d3 d5 7.
Nbd2 Bf5 8. Re1 Qd7 9. Qc2 Na6 10. a3 Rfd8 11. e4 dxe4 12. dxe4 Bh3 13. Nf1 Bxg2 14. Kxg2 Nc5 15. e5 Ng4 16. h3 Nh6 17. Be3 Qd3 18. Qe2 Qxe2 19. Rxe2 Nb3 20. Rae1 Nf5 21.
Bf4 Rd3 22. N1d2 Nbd4 23. Nxd4 Nxd4 24. Re4 Rd8 25. Nf1 a5 26. R4e3 Nc2 27. R1e2 Nxe3+ 28.
fxe3 f6 29. exf6 Bxf6 30. e4 Bd4 31. e5 Rb3 32. Bc1 Rf8 33. Nh2 b5 34. cxb5 cxb5 35. Ng4 Rc8 36. Bg5 Rxb2 37. Rxb2 Bxb2 38. Bxe7 Kf7 39.
Bd6 Ke6 40. Nf6 Bxe5 41. Bxe5 Kxe5 42. Nxh7 b4 43. axb4 axb4 0-1

[Event "Early-Titled-Tuesday-Blitz-March-05-2024"]
[Site "Chess.com"]
[Date "2024.03.05"]
[Round "1"]
[White "Levanzovsky"]
[Black "Lennis93"]
[Result "0-1"]
[WhiteElo "2419"]
[BlackElo "2718"]
[TimeControl "180+1"]
[EndTime "8:07:14 PST"]
[Termination "Lennis93 won on time"]

1. e4 c5 2. Nc3 Nc6 3. f4 g6 4. Nf3 Bg7 5. Bc4 e6 6. f5 gxf5 7. d3 Nge7 8. O-O a6 9. Bg5 b5 10. Bb3 h6 11. Bh4 Qb6 12. Bf2 Nd4 13. Nxd4 cxd4 14. a4 Bb7 15. axb5 axb5 16. Rxa8+ Bxa8 17. exf5 Nxf5 18. Ne4 Bxe4 19. dxe4 Ne3 20. Bxe3 dxe3 21. Kh1 Bxb2 22. Qh5 Rf8 23. h3 Bc3 24. Rb1 b4 25. Ba4 Qd4 26. Rd1 Bd2 27. Qb5 Ke7 28.
Rf1 f6 29. Qh5 Ra8 30. Bb3 Ra1 31. Rxa1 Qxa1+ 32. Kh2 Qf1 33. Qxh6 e2 34. Qg7+ Kd6 35.
Qf8+ Ke5 36. Qc5+ Kxe4 37. Qc4+ Ke5 38. Qc5+ d5 39. Qc7+ Ke4 40. Bxd5+ exd5 41. Qe7+ Kd4 42. Qa7+ Kc3 43. Qc5+ Kb2 0-1

[Event "Early-Titled-Tuesday-Blitz-March-05-2024"]
[Site "Chess.com"]
[Date "2024.03.05"]
[Round "1"]
[White "kleopl"]
[Black "mishanick"]
[Result "0-1"]
[WhiteElo "2519"]
[BlackElo "3066"]
[TimeControl "180+1"]
[EndTime "8:07:16 PST"]
[Termination "mishanick won by resignation"]

1. e4 c5 2. Nf3 d6 3. Bb5+ Bd7 4. Bxd7+ Nxd7 5. O-O e6 6. Re1 Be7 7. c3 Ngf6 8. d4 O-O 9. h3 Rc8 10. Bf4 Qb6 11.
b3 cxd4 12. cxd4 Rfd8 13. Nbd2 Nf8 14. Nc4 Qa6 15. d5 e5 16. Bd2 Ng6 17. Qe2 b6 18. g3 Qb7 19. h4 h5 20. Qd3 Qd7 21. Ne3 Ng4 22. Nf5 Bf8 23. Rec1 Ne7 24. Nxe7+ Bxe7 25. Kg2 g6 26. Bg5 f6 27. Bd2 f5 28. Bg5 Rf8 29. Bxe7 Qxe7 30. Ng5 Nxf2 31. Qe2 Nxe4 32. Nxe4 fxe4 33. Qxe4 Kg7 34. Rxc8 Rxc8 35. Rf1 Rf8 36. Rxf8 Qxf8 37. Qc2 Qe7 38. Qc6 e4 39. Kf2 Kf6 40. Ke3 Qe5 41. Qb7 Qxg3+ 42. Kxe4 Qxh4+ 43. Kd3 Qg3+ 44. Kc4 Qf2 45. b4 Qxa2+ 46. Kb5 h4 47. Kc6 Qc4+ 48. Kxd6 Qxb4+ 49. Kd7 Qe7+ 50. Kc6 Qxb7+ 51.
Kxb7 h3 52. d6 h2 53. d7 h1=Q+ 54. Kc7 Qd5 0-1

[Event "Early-Titled-Tuesday-Blitz-March-05-2024"]
[Site "Chess.com"]
[Date "2024.03.05"]
[Round "1"]
[White "VladimirKramnik"]
[Black "verrbaa"]
[Result "1-0"]
[WhiteElo "2961"]
[BlackElo "2506"]
[TimeControl "180+1"]
[EndTime "8:07:16 PST"]
[Termination "VladimirKramnik won on time"]

1. e4 c5 2. Nf3 e6 3. c3 d5 4.
e5 d4 5. Bd3 Nc6 6. Qe2 g6 7.
Na3 a6 8. Be4 Qc7 9. Nc4 Bd7 10.
d3 b5 11. Nd6+ Bxd6 12. exd6 Qxd6 13. cxd4 cxd4 14. O-O f6 15. a4 b4 16. Bd2 Nge7 17. Bh6 Kf7 18. Nd2 Rac8 19. Nc4 Qb8 20. a5 Rhe8 21.
Rac1 Rcd8 22. Qf3 Ne5 23. Nxe5+ Qxe5 24. Bf4 Qxa5 25. Bc7 Qb5 26. Bxd8 Rxd8 27. Rc7 a5 28. Rfc1 a4 29. Qf4 e5 30. Qh6 Kg8 31. h4 f5 32. Qg5 Kf7 33. Bc6 Qb6 34. Bxd7 a3 35.
Ba4 axb2 36. Qxe7+ 1-0

[Event "Early-Titled-Tuesday-Blitz-March-05-2024"]
[Site "Chess.com"]
[Date "2024.03.05"]
[Round "1"]
[White "The_Straightforward_Rook"]
[Black "Miguelito"]
[Result "0-1"]
[WhiteElo "2460"]
[BlackElo "2833"]
[TimeControl "180+1"]
[EndTime "8:07:16 PST"]
[Termination "Miguelito won by resignation"]

1. Nf3 d5 2. d4 Nf6 3. e3 e6 4. Bd3 b6 5. O-O Bb7 6. Nbd2 c5 7. c3 Be7 8. Qe2 O-O 9. dxc5 bxc5 10. e4 Nc6 11. Rd1 Qc7 12. exd5 exd5 13. Nf1 Rfe8 14. Ng3 c4 15. Bc2 Bc5 16. Qd2 Ne4 17. Nxe4 dxe4 18. Nd4 Nxd4 19. cxd4 Bd6 20. h3 Re6 21. d5 Re5 22.
Qc3 Rxd5 23. Rxd5 Bxd5 24. Be3 Bb7 25. Rc1 Rd8 26. Bd4 Bh2+ 27. Kh1 Bf4 28. Re1 f5 29. b3 Qd6 30. Bxg7 Qg6 31. Bf6 e3 32. f3 Qg3 33.
Qxc4+ Bd5 34. Qxf4 Qxf4 35. Bxd8 Bxf3 36. Ba5 Bd5 37. Bd3 Qf2 38. Rg1 f4 39. Be1 Qxa2 40.
Bc4 Bxc4 41. bxc4 Qxc4 42. g3 f3 0-1

[Event "Early-Titled-Tuesday-Blitz-March-05-2024"]
[Site "Chess.com"]
[Date "2024.03.05"]
[Round "1"]
[White "Elprofessor21"]
[Black "alvarorodriguezavila"]
[Result "1-0"]
[WhiteElo "2657"]
[BlackElo "2355"]
[TimeControl "180+1"]
[EndTime "8:07:16 PST"]
[Termination "Elprofessor21 won on time"]

1. d4 Nf6 2. Bg5 c5 3. d5 e6 4. Nc3 d6 5. Nf3 Be7 6. e4 exd5 7. exd5 O-O 8. Be2 a6 9. a4 Bf5 10. O-O Nbd7 11. Bd3 Bg4 12. h3 Bh5 13. Be2 Re8 14.
Re1 Rb8 15. a5 Bf8 16. Nd2 Bxe2 17. Rxe2 Qc7 18. Nc4 h6 19. Bf4 Rxe2 20. Qxe2 Re8 21. Qf3 b5 22. axb6 Nxb6 23. Na5 Qd7 24. Bxh6 Nfxd5 25. Nxd5 Nxd5 26. Qxd5 gxh6 27. Nc4 Qe6 28. Qxe6 Rxe6 29.
Rxa6 d5 30. Rxe6 fxe6 31. Ne3 Bg7 32. b3 h5 33. h4 Kf7 34. g3 Ke7 35. Kf1 Kd6 36.
Ke2 Bd4 37. Ng2 Be5 38. Kd3 Ke7 39. c4 Kd6 40. Ne1 Bf6 41. Nf3 e5 42. cxd5 Kxd5 43. Nd2 Bd8 44. Ne4 Be7 45. Nc3+ Ke6 46. Ke4 Bd8 47.
Na4 Be7 48. Nb2 Bd8 49. Nd3 1-0

[Event "Early-Titled-Tuesday-Blitz-March-05-2024"]
[Site "Chess.com"]
[Date "2024.03.05"]
[Round "1"]
[White "LouieKov2022"]
[Black "maciek_92"]
[Result "0-1"]
[WhiteElo "2476"]
[BlackElo "2869"]
[TimeControl "180+1"]
[EndTime "8:07:18 PST"]
[Termination "maciek_92 won on time"]

1. e4 c5 2. Nf3 e6 3. d4 cxd4 4. Nxd4 Nc6 5. Nc3 a6 6. Be3 Nf6 7. a3 Qc7 8. f4 d6 9. Qf3 Bd7 10. Nxc6 Bxc6 11. Bd3 Rc8 12. O-O Be7 13. Qg3 g6 14. Rae1 h5 15. Kh1 h4 16. Qh3 Kf8 17.
Bd4 Rh5 18. e5 Nd7 19. exd6 Qxd6 20. Be5 Nxe5 21. fxe5 Rxe5 22. Rxe5 Qxe5 23. Bxg6 Bf6 24. Bh5 Rd8 25. Bf3 Qf4 26. Ne2 Qc4 27. b3 Qxc2 28. Qg4 Rd1 29. Rxd1 Qxd1+ 30. Ng1 Bxf3 31. Qxf3 Qxf3 32.
Nxf3 e5 33. Kg1 e4 34. Nd2 Bd4+ 35. Kf1 f5 0-1

[Event "Early-Titled-Tuesday-Blitz-March-05-2024"]
[Site "Chess.com"]
[Date "2024.03.05"]
[Round "1"]
[White "emeli_chess"]
[Black "bascheyaro"]
[Result "0-1"]
[WhiteElo "2438"]
[BlackElo "2775"]
[TimeControl "180+1"]
[EndTime "8:07:18 PST"]
[Termination "bascheyaro won by resignation"]

1. d4 d5 2. c4 c6 3. Nc3 Nf6 4. e3 a6 5. c5 Bf5 6. f4 Qc7 7. Nf3 h6 8. Be2 g5 9. O-O Nbd7 10. Bd2 Ne4 11. Be1 gxf4 12. Nh4 Bh7 13. Nxe4 Bxe4 14.
exf4 Bg7 15. Bg3 Rg8 16. Nf3 f5 17. Ne5 O-O-O 18. b4 Nf8 19. a4 Ne6 20. b5 Bxe5 21. fxe5 f4 22. Bg4 Rg6 23. Bxe6+ Rxe6 24. Qg4 Qd7 25.
Qxf4 cxb5 26. axb5 Qxb5 27. c6 bxc6 28. Rf2 Kd7 29.
h3 Rg8 30. Kh2 h5 31. Raa2 h4 32. Qxh4 Reg6 33. e6+ Kxe6 34. Rab2 Qd3 35. Be5 Qe3 36. Rbe2 Qxe2 37. Rxe2 Rxg2+ 38. Rxg2 Rxg2+ 39. Kh1 Rg4+ 0-1

[Event "Early-Titled-Tuesday-Blitz-March-05-2024"]
[Site "Chess.com"]
[Date "2024.03.05"]
[Round "1"]
[White "Agent-JL"]
[Black "pirulillo"]
[Result "1-0"]
[WhiteElo "2585"]
[BlackElo "2247"]
[TimeControl "180+1"]
[EndTime "8:07:18 PST"]
[Termination "Agent-JL won on time"]

1. e4 c5 2. Nf3 e6 3. b3 Nc6 4. Bb2 Nh6 5. Bb5 Qc7 6. Bxc6 bxc6 7. O-O f6 8. Re1 d6 9. d3 Nf7 10. Nbd2 e5 11. Nh4 Be7 12. Qh5 g6 13. Qe2 Be6 14. Rf1 g5 15. Nf5 Bxf5 16. exf5 h5 17. h3 d5 18. c4 g4 19. hxg4 hxg4 20. Qxg4 O-O-O 21. g3 Rdg8 22. Qe2 Nh6 23. Qf3 Rg5 24. cxd5 Nxf5 25. dxc6 Nh4 26. Qd5 Bd6 27. Ne4 Nf5 28. Kg2 Rgh5 29. Rh1 Rxh1 30. Rxh1 Rxh1 31. Kxh1 Qh7+ 32.
Kg2 Bc7 33. Nxf6 Qg6 34. Qe6+ Kb8 35. Nd7+ Ka8 36. Qxg6 1-0

[Event "Early-Titled-Tuesday-Blitz-March-05-2024"]
[Site "Chess.com"]
[Date "2024.03.05"]
[Round "1"]
[White "Quattroporte300"]
[Black "GMKrikor"]
[Result "0-1"]
[WhiteElo "2478"]
[BlackElo "2878"]
[TimeControl "180+1"]
[EndTime "8:07:20 PST"]
[Termination "GMKrikor won by resignation"]

1. e4 c5 2. Nf3 Nc6 3. d4 cxd4 4. Nxd4 Nf6 5. Nc3 e5 6. Ndb5 d6 7. Nd5 Nxd5 8. exd5 Nb8 9. a4 Be7 10. Be2 O-O 11.
O-O Nd7 12. b4 f5 13. Bb2 a6 14. Na3 a5 15. c3 Nb6 16. Nc4 Nxc4 17. Bxc4 Bd7 18.
Bb3 Qb6 19. Qd2 Bf6 20. b5 e4 21. c4 Bxb2 22. Qxb2 Qc5 23. Qd2 b6 24. Rad1 f4 25.
Qd4 Qxd4 26. Rxd4 Rae8 27. Bc2 e3 28. fxe3 fxe3 29. Rxf8+ Rxf8 30. Bd3 Rf2 31. Re4 Ra2 32. Rxe3 Kf7 33. Rf3+ Ke7 34. Bxh7 Rxa4 35. Rf4 Rb4 36. Bg6 a4 37. Rf7+ Kd8 38. Rf8+ Kc7 39. Ra8 Rxc4 40. g3 Bxb5 41. Kf2 Kb7 42. Rf8 a3 43. Ke3 a2 44.
Rf7+ Rc7 45. Rf1 Bxf1 0-1

[Event "Early-Titled-Tuesday-Blitz-March-05-2024"]
[Site "Chess.com"]
[Date "2024.03.05"]
[Round "1"]
[White "Bilan_Danila"]
[Black "GWR2024"]
[Result "1-0"]
[WhiteElo "2542"]
[BlackElo "2116"]
[TimeControl "180+1"]
[EndTime "8:07:20 PST"]
[Termination "Bilan_Danila won by checkmate"]

1. d4 f5 2. Nf3 Nf6 3. g3 g6 4. Bg2 Bg7 5. O-O d6 6. c3 O-O 7.
Qb3+ e6 8. Ng5 Qe7 9. Bxb7 Bxb7 10. Qxb7 Nbd7 11. Qxc7 h6 12. Nf3 e5 13. dxe5 dxe5 14. Qc4+ Kh7 15. Na3 Rac8 16. Qb5 g5 17. Be3 Qe8 18.
Nc4 e4 19. Qxf5+ Kh8 20. Nfe5 Nxe5 21. Nxe5 Kg8 22. Bd4 Qh5 23. Qe6+ Kh7 24. Kg2 Rfe8 25. Qf5+ Kg8 26. g4 Qh4 27. f3 exf3+ 28. exf3 Rxe5 29.
Bxe5 Rf8 30. Bg3 Nxg4 31. Qe6+ Kh7 32. fxg4 Qxg3+ 33. hxg3 Re8 34. Qxe8 Bd4 35. cxd4 h5 36. Rf7+ Kh6 37. Qe6# 1-0

[Event "Early-Titled-Tuesday-Blitz-March-05-2024"]
[Site "Chess.com"]
[Date "2024.03.05"]
[Round "1"]
[White "Mischuk_D"]
[Black "esrosenberg"]
[Result "0-1"]
[WhiteElo "2697"]
[BlackElo "2432"]
[TimeControl "180+1"]
[EndTime "8:07:21 PST"]
[Termination "esrosenberg won by resignation"]

1. e4 e6 2. d4 d5 3. Nd2 c5 4. Ngf3 cxd4 5. Nxd4 Nc6 6. Bb5 Bd7 7. Nxc6 bxc6 8. Bd3 Bd6 9. Qe2 e5 10. exd5 cxd5 11.
c4 Nf6 12. cxd5 Nxd5 13. Nc4 Bb4+ 14. Kf1 O-O 15. Nxe5 Be6 16. a3 Bd6 17. Nc4 Bc7 18.
Qf3 Rc8 19. Bd2 Nb6 20. Nxb6 Bxb6 21. Bc3 Qh4 22. Qg3 Qh6 23. h3 Rxc3 24. bxc3 Qd2 25. Be2 Qb2 26. Re1 Qxa3 27. Kg1 a5 28. Kh2 Qc5 29.
Rhf1 a4 30. Kg1 a3 31. Ra1 a2 32. Bd3 g6 33. c4 Qa3 34. c5 Bxc5 35. Qc7 Bd4 36.
Bc4 Bxa1 37. Rxa1 Qc3 38. Rxa2 Qxc4 39. Qxc4 Bxc4 40. Rb2 h5 41. f3 h4 42. Rb4 Rc8 43. Kf2 g5 44. Ra4 f6 45. Ra7 Bf7 46. f4 Rc2+ 47. Kg1 Bd5 48. fxg5 Rxg2+ 49. Kf1 Rxg5 50. Ra5 Bc4+ 0-1

[Event "Early-Titled-Tuesday-Blitz-March-05-2024"]
[Site "Chess.com"]
[Date "2024.03.05"]
[Round "1"]
[White "jens1102"]
[Black "Chernov_Alexander_A"]
[Result "1-0"]
[WhiteElo "2631"]
[BlackElo "2330"]
[TimeControl "180+1"]
[EndTime "8:07:21 PST"]
[Termination "jens1102 won on time"]

1. e4 d6 2. d4 Nf6 3. Bd3 e5 4. c3 Nc6 5. Ne2 d5 6. exd5 Nxd5 7. O-O exd4 8. Nxd4 Nxd4 9. cxd4 Be7 10. Nc3 O-O 11. Bxh7+ Kxh7 12. Qh5+ Kg8 13. Qxd5 Be6 14. Qxd8 Rfxd8 15. Be3 c6 16. Rad1 b5 17. b3 Bb4 18. Ne4 a5 19. Nc5 Bd5 20. Rc1 Bxc5 21. Rxc5 a4 22. Rfc1 axb3 23. axb3 Ra2 24. R5c2 Rda8 25. f3 Rxc2 26.
Rxc2 Ra1+ 27. Kf2 Rb1 28. Ra2 Rxb3 29. Ra8+ Kh7 30. Bf4 b4 31. Rb8 Rb2+ 32. Kg3 b3 33.
Bc1 Rc2 34. Ba3 Rd2 35. Bc5 Ra2 36. Bb4 Ra4 37. h4 Ra2 38. h5 Rc2 39. Bc5 Ra2 40.
Bb4 Rc2 41. Rb6 Rc4 42. Bc5 Rc2 43. Kh3 Ra2 44. Rb8 b2 45. h6 1-0

[Event "Early-Titled-Tuesday-Blitz-March-05-2024"]
[Site "Chess.com"]
[Date "2024.03.05"]
[Round "1"]
[White "Kielinkei"]
[Black "Felix-Rose"]
[Result "1-0"]
[WhiteElo "2610"]
[BlackElo "2303"]
[TimeControl "180+1"]
[EndTime "8:07:21 PST"]
[Termination "Kielinkei won by checkmate"]

1. c4 e6 2. g3 d5 3. Bg2 Nf6 4. Nf3 dxc4 5. O-O Nbd7 6. Qc2 Nb6 7. a4 a5 8. Na3 Bxa3 9. Rxa3 O-O 10. d3 cxd3 11.
Rxd3 Qe7 12. Be3 Nbd5 13. Bc5 Qe8 14. Bxf8 Qxf8 15. Rdd1 Bd7 16. e4 Nb4 17. Qxc7 Bxa4 18. Ra1 Bb5 19. Rfc1 Nxe4 20. Rxa5 Rxa5 21. Qxa5 Bc6 22.
Nd4 f5 23. Nxc6 Nxc6 24. Qa4 Qf6 25. Bxe4 fxe4 26. Qxe4 Kf7 27. Re1 g6 28. b4 Ne7 29.
Qxb7 Qc3 30. Qe4 Qb3 31. b5 Nf5 32. Qe5 h5 33. Qc7+ Kf6 34. Qd8+ Kf7 35. Qd7+ Kf6 36. Qe8 Nd4 37. Qh8+ Kg5 38. Qxd4 Qxb5 39. Qf4# 1-0

[Event "Early-Titled-Tuesday-Blitz-March-05-2024"]
[Site "Chess.com"]
[Date "2024.03.05"]
[Round "1"]
[White "Mackster23"]
[Black "JaackCamel"]
[Result "1-0"]
[WhiteElo "2577"]
[BlackElo "2226"]
[TimeControl "180+1"]
[EndTime "8:07:21 PST"]
[Termination "Mackster23 won by resignation"]

1. e4 e6 2. d4 d5 3. Nc3 Bb4 4.
e5 Ne7 5. a3 Bxc3+ 6. bxc3 b6 7. Qg4 Ng6 8. h4 h5 9. Qg3 Ba6 10. Bxa6 Nxa6 11. Ne2 Nb8 12. Bg5 Qd7 13. Qf3 Nc6 14. Ng3 Na5 15. Nxh5 Rh7 16. Ng3 Qc6 17. h5 Ne7 18. Qd3 Rh8 19. f4 Kd7 20. Bxe7 Kxe7 21. f5 Raf8 22. O-O Kd7 23. f6 Rhg8 24. fxg7 Rxg7 25.
h6 Rg4 26. Rf3 Kc8 27. Raf1 Nc4 28. Rxf7 Rxf7 29. Rxf7 Kb7 30. h7 Qe8 31. Qf3 Rxg3 32. Qxg3 Qxf7 33. h8=Q Nd2 34. Qf6 Qh5 35. Qe1 Ne4 36.
Qxe6 c6 37. c4 Qg5 38. cxd5 Ng3 39. Qxc6+ Ka6 40. Qc4+ Kb7 41. Qd3 Nf5 42. d6 Nh4 43.
Qde4+ Kc8 44. Q4xh4 1-0

[Event "Early-Titled-Tuesday-Blitz-March-05-2024"]
[Site "Chess.com"]
[Date "2024.03.05"]
[Round "1"]
[White "Agibileg"]
[Black "el_sporco"]
[Result "0-1"]
[WhiteElo "2662"]
[BlackElo "2392"]
[TimeControl "180+1"]
[EndTime "8:07:24 PST"]
[Termination "el_sporco won by resignation"]

1. d4 Nf6 2. c4 e6 3. Nc3 Bb4 4.
e3 O-O 5. Bd3 d5 6. a3 Be7 7.
Nf3 c5 8. cxd5 Nxd5 9. O-O cxd4 10. exd4 Nc6 11. Re1 Bf6 12. Be4 Nce7 13. Qd3 g6 14.
Bh6 Re8 15. Rad1 b6 16. Bg5 Bxg5 17. Nxg5 Bb7 18. Qh3 h5 19. Nxe6 fxe6 20. Qxe6+ Kg7 21. Qe5+ Kh6 22. Qg3 Nxc3 23. bxc3 Bxe4 24. Rxe4 Nf5 25.
Rxe8 Qxe8 26. Qf4+ Kg7 27. h3 Qe2 28. Rd2 Qe1+ 29.
Kh2 Re8 30. c4 Re4 31. Qg5 Rxd4 32. Rxd4 Nxd4 33. c5 Qxf2 34. Qe7+ Kh6 35. Qe4 Ne2 36. Qd4 Qxd4 0-1

[Event "Early-Titled-Tuesday-Blitz-March-05-2024"]
[Site "Chess.com"]
[Date "2024.03.05"]
[Round "1"]
[White "RogelioOscarSanchezB"]
[Black "subham777"]
[Result "0-1"]
[WhiteElo "2024"]
[BlackElo "2536"]
[TimeControl "180+1"]
[EndTime "8:07:24 PST"]
[Termination "subham777 won on time"]

1. d4 d5 2. Nc3 Nf6 3. Bf4 a6 4.
e3 e6 5. Nf3 Bd6 6. Ne5 O-O 7. Bd3 c5 8. dxc5 Bxc5 9. Qf3 Nc6 10.
O-O Ne7 11. e4 Ng6 12. Nxg6 fxg6 13. Bg5 Be7 14. Rad1 Nxe4 15. Bxe4 Rxf3 16. Bxe7 Qxe7 17. Bxf3 Bd7 18. Rfe1 Qf6 19. Rd2 Rf8 20. Rde2 Qg5 21. Re5 Qd2 22. R5e2 Qf4 23. b3 Qg5 24. Kh1 h5 25. Nd1 h4 26. h3 Rc8 27. Ne3 a5 28.
Ng4 Rf8 29. Ne5 Bc8 30. Bg4 Rf6 31. Kg1 Qf4 32. Kh1 Qd4 33. Kg1 a4 34. Kh1 Rxf2 35. Nxg6 Rxe2 36. Rxe2 a3 37. Ne7+ Kh7 38. Nxc8 Qa1+ 39.
Kh2 Qxa2 0-1

[Event "Early-Titled-Tuesday-Blitz-March-05-2024"]
[Site "Chess.com"]
[Date "2024.03.05"]
[Round "1"]
[White "JonSnowNW1"]
[Black "ElCoachRene"]
[Result "1-0"]
[WhiteElo "2532"]
[BlackElo "1991"]
[TimeControl "180+1"]
[EndTime "8:07:24 PST"]
[Termination "JonSnowNW1 won by resignation"]

1. e4 g6 2. d4 c5 3. Nf3 cxd4 4. Nxd4 Nc6 5. Nc3 Bg7 6. Be3 Nf6 7. f3 O-O 8. Bc4 d6 9. Qd2 Nxd4 10. Bxd4 Qa5 11. O-O-O Be6 12. Bxe6 fxe6 13. Kb1 Rac8 14. Nd5 Qxd2 15.
Nxf6+ Bxf6 16. Rxd2 Bxd4 17. Rxd4 Rc5 18. Rhd1 Rfc8 19.
R1d2 b5 20. a3 a5 21. b3 Rc3 22. Kb2 h5 23. R4d3 R3c5 24. f4 Kg7 25. Rg3 Kf6 26. Rf2 a4 27. e5+ Kg7 28. exd6 exd6 29. Re3 Kf6 30.
Rfe2 Re8 31. Re4 axb3 32. Kxb3 d5 33. Re5 Rc4 34. Rxd5 Rxf4 35. Rxb5 e5 36. a4 e4 37. a5 e3 38. Kc3 Rf2 39. Kd3 Rxe2 40. Kxe2 Rc8 41.
Rb2 Rc5 42. Ra2 Rc8 43. a6 Ra8 44. a7 Ke7 45. Kxe3 Kd7 46. Kf4 Kc7 47. Kg5 Kb7 48. Kxg6 Rg8+ 49. Kxh5 Rh8+ 50. Kg6 Rg8+ 51. Kf7 Ra8 52.
g4 1-0

[Event "Early-Titled-Tuesday-Blitz-March-05-2024"]
[Site "Chess.com"]
[Date "2024.03.05"]
[Round "1"]
[White "Mariia89"]
[Black "RantomOpening"]
[Result "0-1"]
[WhiteElo "2254"]
[BlackElo "2586"]
[TimeControl "180+1"]
[EndTime "8:07:25 PST"]
[Termination "RantomOpening won on time"]

1. d4 d5 2. c4 e6 3. Nc3 Nf6 4. Nf3 Be7 5. Bg5 O-O 6. e3 b6 7. cxd5 Nxd5 8. Nxd5 exd5 9. Bxe7 Qxe7 10. Bd3 c5 11.
O-O Be6 12. Rc1 Nd7 13. Bb1 g6 14. h3 Rac8 15. Re1 c4 16. e4 Qd6 17. e5 Qe7 18. Qd2 Kg7 19. h4 b5 20. h5 Bg4 21.
h6+ Kg8 22. Ng5 b4 23. Qf4 Be6 24. Re3 Nb6 25. Rg3 Na4 26. Qd2 c3 27. bxc3 Nxc3 28.
Bd3 a5 29. f4 Kh8 30. Rf1 f5 31.
exf6 Rxf6 32. Nf3 Rcf8 33. Ne5 Bf5 34. Bxf5 Rxf5 35. Rxg6 Rxe5 36. fxe5 Rxf1+ 37. Kxf1 hxg6 38. Qf4 Kg8 39. g4 a4 40. Ke1 b3 41. axb3 axb3 42. Qd2 Qh4+ 43. Kf1 Qh1+ 44. Kf2 Ne4+ 0-1

[Event "Early-Titled-Tuesday-Blitz-March-05-2024"]
[Site "Chess.com"]
[Date "2024.03.05"]
[Round "1"]
[White "Batica1984"]
[Black "Cambek64"]
[Result "1-0"]
[WhiteElo "2774"]
[BlackElo "2437"]
[TimeControl "180+1"]
[EndTime "8:07:26 PST"]
[Termination "Batica1984 won by resignation"]

1. e4 e6 2. d4 d5 3. Nc3 Nc6 4. e5 Nge7 5. Nf3 Nf5 6. Bb5 Bd7 7. Ne2 Nxe5 8. Bxd7+ Nxd7 9. Ng3 Nd6 10. Bf4 g6 11. h4 h5 12. Qe2 Bg7 13. O-O-O Qe7 14. Ne5 O-O-O 15. Rd3 Nxe5 16. dxe5 Nc4 17. Rb3 Kb8 18.
Kb1 Bh6 19. Bxh6 Rxh6 20. f4 Rhh8 21. Ne4 Nb6 22. Ng5 c5 23. Rhh3 c4 24. Rb5 Qd7 25.
Ra5 Nc8 26. Rha3 Qc7 27. c3 Rd7 28. Qe3 b6 29. Ra6 Qc5 30. Qxc5 bxc5 31. Rc6 Rc7 32. Rxc7 Kxc7 33. Nxf7 Rf8 34. Ng5 Kd7 35. g3 Re8 36. Ra6 Re7 37. Kc2 Re8 38. Kd2 Re7 39. Ke3 Re8 40. b3 cxb3 41. axb3 Re7 42. c4 Nb6 43.
Rxa7+ Ke8 44. Ra6 Rb7 45. Nxe6 dxc4 46. Nxc5 Rb8 47. bxc4 Nxc4+ 48. Kd4 Nd2 49. Rxg6 Kf7 50. Rf6+ Kg8 51. Rf5 Nb3+ 52. Nxb3 Rxb3 53. Rxh5 Rxg3 54.
Rg5+ Rxg5 55. hxg5 1-0

[Event "Early-Titled-Tuesday-Blitz-March-05-2024"]
[Site "Chess.com"]
[Date "2024.03.05"]
[Round "1"]
[White "GAusal"]
[Black "maximnovik"]
[Result "0-1"]
[WhiteElo "2307"]
[BlackElo "2612"]
[TimeControl "180+1"]
[EndTime "8:07:26 PST"]
[Termination "maximnovik won on time"]

1. d4 Nf6 2. Nf3 g6 3. c4 Bg7 4. Nc3 d5 5. Bg5 Ne4 6. Bh4 c5 7. cxd5 Nxc3 8. bxc3 Qxd5 9. e3 Nc6 10. Be2 cxd4 11.
cxd4 O-O 12. O-O b6 13. Qb3 Qxb3 14. axb3 Bb7 15. Nd2 Rfc8 16. Bb5 Bf8 17. Bg3 e6 18.
Bxc6 Bxc6 19. f3 Bb5 20. Rfc1 Be7 21. Ne4 a5 22. Nd6 Bxd6 23. Bxd6 f6 24. Rc7 Rxc7 25.
Bxc7 Ra6 26. e4 Kf7 27. Rc1 Ke7 28. Kf2 Kd7 29. Ke3 Bc6 30. Bd8 b5 31. Bxf6 a4 32.
bxa4 bxa4 33. Ra1 a3 34. Kd3 a2 35. Kc3 Bb5 36. Kb4 Bd3 37. Kb3 Bb1 38. Kc4 Rc6+ 39. Kb4 Rc2 40. g3 Rxh2 0-1

[Event "Early-Titled-Tuesday-Blitz-March-05-2024"]
[Site "Chess.com"]
[Date "2024.03.05"]
[Round "1"]
[White "GoValya"]
[Black "Kolle05"]
[Result "0-1"]
[WhiteElo "2241"]
[BlackElo "2580"]
[TimeControl "180+1"]
[EndTime "8:07:27 PST"]
[Termination "Kolle05 won by resignation"]

1. d4 Nf6 2. g3 g6 3. Bg2 Bg7 4.
c4 O-O 5. Nc3 d6 6. Nf3 Nc6 7.
d5 Na5 8. Nd2 c5 9. O-O a6 10.
Rb1 Rb8 11. b4 cxb4 12. Rxb4 Nd7 13. Nce4 Qc7 14. Bb2 Bxb2 15. Rxb2 Nxc4 16. Rc2 b5 17. Nxc4 bxc4 18. Qd4 Nb6 19. Ng5 h6 20. Nh3 Bd7 21. Qh4 Kg7 22. Qxe7 Rbe8 23. Qh4 Ba4 24. Rc3 Rxe2 25.
Qd4+ Kh7 26. Nf4 Re5 27. h4 Rfe8 28. Re3 Rxe3 29. fxe3 c3 30. h5 c2 31. hxg6+ fxg6 32. Nd3 Qe7 33. e4 Bb5 34. Nc1 Bxf1 35. Kxf1 Rf8+ 36.
Kg1 Nd7 37. Qd2 Ne5 38. Qxc2 Nf3+ 39. Kh1 Qg5 40. Qe2 Qh5+ 0-1

[Event "Early-Titled-Tuesday-Blitz-March-05-2024"]
[Site "Chess.com"]
[Date "2024.03.05"]
[Round "1"]
[White "nicolasbatista3"]
[Black "Blitzstream"]
[Result "0-1"]
[WhiteElo "2453"]
[BlackElo "2807"]
[TimeControl "180+1"]
[EndTime "8:07:28 PST"]
[Termination "Blitzstream won by resignation"]

1. d4 Nf6 2. c4 e6 3. Nc3 Bb4 4. f3 d5 5. a3 Bxc3+ 6. bxc3 O-O 7. e3 c5 8. cxd5 exd5 9. Bd3 b6 10. Ne2 Ba6 11. O-O Bxd3 12. Qxd3 Nc6 13. e4 dxe4 14. fxe4 h6 15. Be3 Re8 16. Ng3 Ne5 17. Qe2 Neg4 18.
e5 Nxe3 19. Qxe3 Nh7 20. Nf5 Qg5 21. Qf3 cxd4 22. cxd4 Rad8 23. Nd6 Rf8 24. Rae1 Qe7 25. Qg4 Rxd6 26. exd6 Qxd6 27. Re3 Nf6 28. Qh4 Nd5 29. Rg3 Kh8 30. Qg4 g6 31. h4 h5 32. Qg5 Kh7 33. Rf5 Nc7 34. Qxh5+ gxh5 35. Rxh5+ Qh6 36.
Rxh6+ Kxh6 37. Re3 Ne6 38. d5 Nc5 39. d6 Rd8 40.
Re7 Rxd6 41. Rxf7 a5 42. g4 Kg6 43. Re7 Rd4 44. h5+ Kf6 0-1

[Event "Early-Titled-Tuesday-Blitz-March-05-2024"]
[Site "Chess.com"]
[Date "2024.03.05"]
[Round "1"]
[White "Leo_C"]
[Black "Witty_Alien"]
[Result "1-0"]
[WhiteElo "2628"]
[BlackElo "2327"]
[TimeControl "180+1"]
[EndTime "8:07:28 PST"]
[Termination "Leo_C won by checkmate"]

1. e4 c5 2. Nf3 d6 3. d4 cxd4 4.
Qxd4 Nf6 5. Nc3 Nc6 6. Qd3 g6 7. Nd5 Bg7 8. c3 O-O 9. Bg5 Nxd5 10. exd5 Ne5 11. Nxe5 Bxe5 12. Be2 Bf5 13. Qd2 a5 14. a4 Qb6 15. h4 e6 16. Bf3 Rac8 17. h5 Rc4 18. Be2 Re4 19. O-O gxh5 20. Bf3 Rc4 21. Rfe1 Rfc8 22. Bxh5 exd5 23. Qxd5 Be6 24. Qf3 Qxb2 25.
Rab1 Qxc3 26. Qxb7 R4c7 27. Qe4 Rc4 28. Qe2 Bd5 29.
Rbd1 f6 30. Rxd5 fxg5 31. Rd3 Qxe1+ 32. Qxe1 Rc1 33. Rd1 Rxd1 34. Qxd1 Bf4 35. Qd5+ Kg7 36. g3 Be5 37. Kg2 Rc5 38. Qb7+ Kh6 39. Bf3 Rc3 40. Be4 g4 41. Qxh7+ Kg5 42. Qf5+ Kh6 43. Qg6# 1-0